Map: Automaton LE

Players

kelvinzhong

  • Race: Protoss Protoss
  • Spawn Location: 9:00

Enterprise - Winner!

  • Race: Zerg Zerg
  • League: Master
  • Spawn Location: 3:00

VOD

Have the link to the VOD?

Description

Time

  • Played on: April 12, 2019, 11:23 p.m.
  • Length: 8:19
Show
View Real Time Build Order
Export as new Build Order

kelvinzhong Protoss 

Build Orders: 1 Gate Expand 

Get SALT Encoding   

  12  0:01  Probe  
  13  0:13  Probe  
  14  0:20  Pylon  
  14  0:34  Probe  
  15  0:45  Probe  
  16  0:50  Gateway  
  16  0:53  Probe  
  16  1:01  Probe  
  17  1:08  Forge  
  18  1:13  Probe  
  19  1:34  Nexus  
  19  1:44  Cybernetics Core  
  19  1:50  Assimilator, Probe  
  20  2:00  Photon Cannon  
  20  2:05  Probe  
  21  2:13  Probe  
  21  2:17  Assimilator  
  21  2:21  Probe  
  23  2:32  Pylon  
  23  2:44  Probe  
  23  2:50  Probe, Robotics Facility  
  24  2:52  Probe  
  26  2:58  Probe  
  26  3:00  Probe  
  26  3:03  Warp Gate  
  27  3:08  Assimilator  
  27  3:17  Robotics Facility  
  27  3:23  Probe x2  
  27  3:24  Stalker  
  31  3:31  Probe  
  31  3:35  Probe  
  33  3:47  Immortal, Probe  
  38  3:54  Immortal  
  40  4:15  Probe x2, Pylon  
  40  4:16  Warp Prism  
  42  4:29  Probe x2  
  46  4:36  Observer, Pylon  
  47  4:43  Pylon  
  47  4:44  Probe x2  
  49  5:05  Immortal  
  53  5:10  Immortal  
  57  5:32  Gateway x2  
  57  5:34  Gateway  
  57  5:47  Probe x2  
  57  5:48  Gateway  
  57  5:49  Gateway  
  59  5:51  Pylon  
  59  5:59  Probe  
  60  6:08  Immortal  
  60  6:10  Stalker  
  66  6:23  Pylon  
  66  6:25  Pylon  
  66  6:33  Stalker x4  
  74  6:45  Stalker  
  76  7:01  Stalker, Pylon  
  76  7:02  Stalker x2  
  76  7:03  Stalker x2  
  78  7:19  Stalker  
  62  7:28  Stalker x3  
  62  7:29  Stalker x2  
  56  7:44  Stalker  
  54  7:57  Stalker x2  
  54  7:58  Stalker x3  
Show
View Real Time Build Order
Export as new Build Order

Enterprise Zerg - Winner!

Build Orders: Hatch First 

Get SALT Encoding   

  12  0:00  Drone  
  13  0:13  Overlord  
  13  0:18  Drone  
  14  0:31  Drone  
  14  0:32  Drone  
  16  0:36  Drone  
  17  0:54  Hatchery  
  17  0:57  Drone  
  17  1:00  Drone  
  18  1:11  Extractor  
  17  1:19  Spawning Pool, Drone  
  17  1:23  Drone  
  18  1:35  Drone  
  19  1:45  Drone  
  20  2:06  Queen  
  20  2:07  Queen  
  24  2:19  Hatchery  
  23  2:23  Metabolic Boost  
  23  2:26  Drone  
  24  2:35  Drone x2  
  26  2:37  Overlord  
  27  2:51  Drone x2  
  28  3:03  Drone  
  28  3:04  Zergling x4  
  28  3:05  Drone  
  32  3:17  Queen  
  32  3:19  Overlord  
  34  3:21  Drone x2  
  36  3:35  Queen  
  36  3:37  Drone x2  
  36  3:38  Overlord  
  40  3:48  Lair, Drone  
  40  3:49  Drone x3  
  44  4:11  Roach Warren, Drone x3  
  44  4:12  Extractor  
  45  4:21  Drone x6  
  45  4:22  Drone x5  
  56  4:33  Extractor  
  56  4:34  Extractor  
  54  4:43  Evolution Chamber  
  53  4:50  Hydralisk Den  
  53  4:52  Overlord  
  52  4:53  Overlord  
  52  5:01  Drone x5  
  52  5:02  Overlord  
  52  5:04  Overlord  
  57  5:25  Hydralisk x8  
  69  5:37  Hydralisk x3  
  75  6:03  Grooved Spines  
  75  6:06  Drone x4  
  75  6:09  Zerg Missile Weapons Level 1  
  79  6:20  Hydralisk x2  
  79  6:21  Overlord  
  79  6:22  Zergling x6  
  79  6:23  Zergling x8  
  90  6:26  Overlord  
  90  6:42  Evolution Chamber  
  90  6:44  Drone x2, Baneling Nest  
  90  6:51  Hydralisk, Overlord  
  90  6:52  Hydralisk x6  
  104  6:57  Spore Crawler  
  103  7:05  Hydralisk  
  103  7:06  Overlord  
  84  7:23  Hydralisk x4  
  84  7:24  Hydralisk x3  
  84  7:31  Hydralisk  
  84  7:32  Zergling x2  
  84  7:33  Zergling x4  
  83  7:43  Zergling x2  
  83  7:44  Zergling x14  
Tags
 
Add a new tag
Caveats
  • Supply blocks, unpowered buildings, or Contaminate may cause inaccurate times.
  • Supply counts are checked every 10 seconds.